 Dungeon Crawl Stone Soup version 0.32-a0-859-gb0a091d592 (webtiles) character file.

Game seed: 7574596816533074463

826467 shadizar the Marid (level 27, -2/220 HPs)
             Began as a Djinni Conjurer on Mar 27, 2024.
             Was the Champion of Makhleb.
             Killed by divine providence
             ... invoked by a royal mummy
              (13 damage)
             ... on level 2 of the Tomb of the Ancients.
             The game lasted 02:47:47 (69995 turns).

shadizar the Marid (Djinni Conjurer)               Turns: 69995, Time: 02:47:47

Health: -2/220     AC: 22    Str:  9 (11) XL:     27
Gold:   9403       EV: 16    Int: 36 (38) God:    Makhleb [******] SH: 33 Dex: 12

rFire   + + +        K - staff of Noalec {rF+ Dex+5 Fire}
rCold   + + .        p - +8 tower shield {reflect}
rNeg    + + +        H - +5 ring mail "Ijusit" {^Drain rElec rPois Regen+ Str+5}
rPois   ∞            a - +2 helmet of Sif Muna's Whim {rN+}
rElec   +            h - scarf "Mentieru" {harm, rElec Will+++ MP-9 Dex-4}
rCorr   +            C - +2 pair of gloves
SInv    .            (boots unavailable)
Will    +++++        u - amulet of Qazlal, Screaming {Reflect rCorr SH+5}
Stlth   +++++        s - ring "Deefiff Giwo" {rN+ rCorr MP+9 Int+2 Slay+5}
HPRegen 1.36/turn    R - ring of Selemez {rC+++ rN+ Int+5}
MPRegen 0.00/turn

%: harm (+30% outgoing, +20% incoming), reflection, infuse magic (-3 HP)
@: flying, slowed, studying Ice Magic, very slow
A: sickness immunity, fire resistance 2, cold vulnerability 1, float, innate
caster, HP casting, extra vitality 1, clumsy 2
}: 7/15 runes: serpentine, barnacled, slimy, silver, icy, bone, abyssal
a: Renounce Religion, Minor Destruction, Lesser Servant of Makhleb, Major
Destruction, Greater Servant of Makhleb


You were on level 2 of the Tomb of the Ancients.
You worshipped Makhleb.
Makhleb was exalted by your worship.
You visited 16 branches of the dungeon, and saw 69 of its levels.
You visited the Abyss 1 time.
You visited 1 bazaar.
You also visited: Sewer, Ice Cave and Desolation.

You collected 11740 gold pieces.
You spent 2337 gold pieces at shops.

Inventory:

Armour
 a - the +2 helmet of Sif Muna's Whim (worn) {rN+}
   (You acquired it on level 2 of the Vaults)

   rN+:       It protects you from negative energy.
 h - the scarf "Mentieru" (worn) {harm, rElec Will+++ MP-9 Dex-4}
   (You bought it in a shop on level 2 of the Vaults)

   Dex-4:     It affects your dexterity (-4).
   rElec:     It insulates you from electricity.
   Will+++:   It greatly increases your willpower.
   MP-9:      It affects your magic capacity (-9).
 p - a +8 tower shield of reflection (worn)
 C - a +2 pair of gloves (worn)
 F - the +3 crown of Dyrovepreva {rElec Int+2 SInv}
   (You found it on level 4 of the Vaults)

   Int+2:     It affects your intelligence (+2).
   rElec:     It insulates you from electricity.
   SInv:      It lets you see invisible.
 H - the +5 ring mail "Ijusit" (worn) {^Drain rElec rPois Regen+ Str+5}
   (You found it in the Desolation of Salt)

   Str+5:     It affects your strength (+5).
   rElec:     It insulates you from electricity.
   rPois:     It protects you from poison.
   Regen+:    It increases your rate of health regeneration.
   ^Drain:    It drains your maximum health when unequipped.
 U - the +6 chain mail of Makhleb's Envy {rElec rN+ Will+ Str+4}
   (You found it on level 7 of Tartarus)

   Str+4:     It affects your strength (+4).
   rElec:     It insulates you from electricity.
   rN+:       It protects you from negative energy.
   Will+:     It increases your willpower.
 X - a +2 cloak of preservation
Magical Staves
 K - the staff of Noalec (weapon) {rF+ Dex+5 Fire}
   (You found it on level 5 of the Pits of Slime)

   [staff of fire]

   Base accuracy: +5 Base damage: 5 Base attack delay: 1.2 This weapon's minimum
   attack delay (0.6) is reached at skill level 12.
   Dex+5:     It affects your dexterity (+5).
   rF+:       It protects you from fire.
   Fire:      It increases the power of your Fire spells.
   It falls into the 'Staves' category.
   It is a one-handed weapon.
Jewellery
 j - the ring "Pubu" {rElec rF+ Int-3 Dex+7 Slay+4}
   (You found it on level 13 of the Dungeon)

   [ring of slaying]

   Int-3:     It affects your intelligence (-3).
   Dex+7:     It affects your dexterity (+7).
   Slay+4:    It affects your accuracy & damage with ranged weapons and melee
   (+4).
   rF+:       It protects you from fire.
   rElec:     It insulates you from electricity.
 l - the ring "Ziakless" {Str+4 Dex+6 SInv}
   (You bought it in a shop on level 2 of the Snake Pit)

   [ring of dexterity]

   Str+4:     It affects your strength (+4).
   Dex+6:     It affects your dexterity (+6).
   SInv:      It lets you see invisible.
 s - the ring "Deefiff Giwo" (left hand) {rN+ rCorr MP+9 Int+2 Slay+5}
   (You found it on level 1 of the Lair of Beasts)

   [ring of resist corrosion]

   Int+2:     It affects your intelligence (+2).
   Slay+5:    It affects your accuracy & damage with ranged weapons and melee
   (+5).
   rN+:       It protects you from negative energy.
   MP+9:      It affects your magic capacity (+9).
   rCorr:     It protects you from acid and corrosion.
 u - the amulet of Qazlal, Screaming (around neck) {Reflect rCorr SH+5}
   (You found it on level 3 of the Depths)

   [amulet of reflection]

   Reflect:   It reflects blocked missile attacks.
   rCorr:     It protects you from acid and corrosion.
   SH+5:      It affects your SH (+5).
 x - the ring of Regaofro {Ice *Slow Str+2 Int+3}
   (You found it on level 2 of the Elven Halls)

   [ring of ice]

   Ice:       It enhances your ice magic.
   Str+2:     It affects your strength (+2).
   Int+3:     It affects your intelligence (+3).
   rF-:       It makes you vulnerable to fire.
   rC+:       It protects you from cold.
   *Slow:     It may slow you when you take damage.
 P - the ring of Biez {rC+ rCorr MP+9 Str+2}
   (You found it on level 5 of the Pits of Slime)

   [ring of magical power]

   Str+2:     It affects your strength (+2).
   rC+:       It protects you from cold.
   MP+9:      It affects your magic capacity (+9).
   rCorr:     It protects you from acid and corrosion.
 Q - the ring "Awuza" {rN++ Int+6}
   (You found it on level 3 of the Crypt)

   [ring of intelligence]

   Int+6:     It affects your intelligence (+6).
   rN++:      It greatly protects you from negative energy.
 R - the ring of Selemez (right hand) {rC+++ rN+ Int+5}
   (You found it on level 5 of the Pits of Slime)

   [ring of positive energy]

   Int+5:     It affects your intelligence (+5).
   rC+++:     It renders you almost immune to cold.
   rN+:       It protects you from negative energy.
 T - the ring "Zalusor" {rF+ rN++ Int+3 SInv}
   (You found it on level 3 of the Crypt)

   [ring of protection from fire]

   Int+3:     It affects your intelligence (+3).
   rF+:       It protects you from fire.
   rN++:      It greatly protects you from negative energy.
   SInv:      It lets you see invisible.
Wands
 e - a wand of warping (51)
 B - a wand of flame (149)
 E - a wand of quicksilver (46)
 J - a wand of mindburst (84)
 L - a wand of paralysis (63)
 O - a wand of digging (30)
 W - a wand of polymorph (34)
Scrolls
 b - 9 scrolls of blinking
 c - 3 scrolls of fog
 d - 18 scrolls of teleportation
 n - 3 scrolls of poison
 r - 4 scrolls of revelation
 G - 2 scrolls of noise
 I - a scroll of immolation
 M - a scroll of enchant armour
Potions
 g - 2 potions of cancellation
 i - 4 potions of enlightenment
 k - 21 potions of curing
 m - 8 potions of haste
 o - a potion of berserk rage
 t - 2 potions of ambrosia
 v - 3 potions of resistance
 w - 4 potions of invisibility
 D - a potion of brilliance
 Y - 7 potions of heal wounds
 Z - 4 potions of might
Miscellaneous
 y - the horn of Geryon


   Skills:
 + Level 24.8 Fighting
 + Level 20.1 Armour
 + Level 23.0 Dodging
 + Level 14.4 Stealth
 + Level 20.1 Shields
 O Level 27 Spellcasting
 O Level 27 Conjurations
 O Level 27 Hexes
   Level 0.0 Charms
 O Level 27 Summonings
 O Level 27 Necromancy
 O Level 27 Translocations
   Level 0.0 Transmutations
 O Level 27 Fire Magic
 O Level 27 Ice Magic
 O Level 27 Air Magic
 O Level 27 Earth Magic
 O Level 27 Alchemy


You knew the following spells:

 Your Spells              Type           Power      Damage    Failure   Level
a - Magic Dart            Conj           100%       1d8       0%          1
b - Searing Ray           Conj           100%       2d8       0%          2
c - Fulminant Prism       Conj/Alch      63%        3d26      0%          4
d - Iskenderun's Mystic   Conj/Tloc      100%       2d19      (+2d10%     4
e - Shock                 Conj/Air       100%       1d9       0%          1
f - Static Discharge      Conj/Air       100%       3-8/arc   0%          2
g - Mercury Vapours       Alch/Air       100%       N/A       0%          2
h - Tukima's Dance        Hex            100%       N/A       0%          3
i - Freezing Cloud        Conj/Ice/Air   63%        6-21      0%          5
j - Arcjolt               Conj/Air       63%        1d73      0%          5
k - Plasma Beam           Fire/Air       76%        2x1d93    0%          6
l - Monstrous Menagerie   Summ           63%        N/A       1%          7
m - Death Channel         Necr           63%        N/A       0%          6
n - Maxwell's Capacitive  Air            63%        ∞         1%          8
o - Disjunction           Tloc           63%        N/A       1%          8
p - Ignition              Fire           76%        3d20      1%          8
q - Fire Storm            Conj/Fire      76%        8d19      3%          9
Your spell library was empty.

Dungeon Overview and Level Annotations

Branches:
Dungeon (15/15)            Temple (1/1) D:5            Lair (5/5) D:9
 Shoals (4/4) Lair:3        Snake (4/4) Lair:2        Slime (5/5) Lair:5
    Orc (2/2) D:12            Elf (3/3) Orc:2        Vaults (5/5) D:13
  Crypt (3/3) Vaults:2       Tomb (2/3) Crypt:3      Depths (4/4) D:15
   Hell (visited)             Dis (1/7) Hell            Geh (0/7) Hell
    Coc (7/7) Hell            Tar (7/7) Hell            Zot (0/5) Depths:4
  Sewer (visited)           IceCv (visited)         Desolation (visited)

Altars:
Ashenzari
Cheibriados
Dithmenos
Elyvilon
Fedhas
Gozag
Hepliaklqana
Makhleb
Nemelex Xobeh
Okawaru
Qazlal
Ru
Trog
Uskayaw
Wu Jian
Xom
Yredelemnul
Zin
The Shining One
Beogh

Shops:
Orc:1 =   Orc:2 (!:?   Elf:3 (   Shoals:1 **   Snake:1 [?   Snake:2 ::=
Snake:4 (**   Vaults:1 ((   Vaults:2 *[*((

Portals:
Hell: Depths:1 Depths:2 Depths:3 Depths:4
Abyss: Depths:1 Depths:2 Depths:3
Pandemonium: Orc:2 Depths:2
Ziggurat: Depths:3

Annotations:
D:8 4 transporters
D:10 1 runed translucent door, exclusion: oklob plant, denf's ghost, journeyman DsBe


Innate Abilities, Weirdness & Mutations

You are immune to sickness and miasma.
You are immune to poison.
Your flesh is very heat resistant. (rF++)
You are vulnerable to cold. (rC-)
You float through the air rather than walking.
You learn spells naturally, not from books.
Your magical power is your life essence.
You have superior vitality. (+4 MHP)
You are very clumsy. (Dex -4)


Message History

The fireball engulfs the royal mummy!!
The royal mummy is moderately damaged.
The fireball engulfs the royal mummy!!
The royal mummy is heavily damaged.
The fireball engulfs something!!
The fireball engulfs the necrophage!!
You destroy the necrophage!
The necrophage's corpse disappears in a puff of smoke!
The fireball engulfs the death scarab!!
You destroy the death scarab!
The death scarab's corpse disappears in a puff of smoke!
The fireball engulfs the bennu.
The bennu completely resists.
The bennu is moderately wounded.
The fireball engulfs the royal mummy!
The royal mummy is almost destroyed.
The fireball engulfs the death scarab!!
The death scarab is almost destroyed.
The fireball engulfs the death scarab!!!
You destroy the death scarab!
The death scarab's corpse disappears in a puff of smoke!
The fireball engulfs the mummy priest!!
You destroy the mummy priest!
Makhleb accepts your kill.
You feel better.
The fireball engulfs the mummy priest!!
The mummy priest is heavily damaged.
The fireball engulfs the death scarab!!!
You destroy the death scarab!
The death scarab's corpse disappears in a puff of smoke!
You hear a faint skittering sound.
* * * LOW HITPOINT WARNING * * *
You feel extremely nervous for a moment...
Something just walked over your grave.
No, really!
You hear a shout!
You block the bennu's attack. The bennu closely misses you.
You block the bennu's attack.
The royal mummy calls on the powers of darkness!
The bennu convulses!
Your body is wracked with pain!
* * * LOW HITPOINT WARNING * * *
The royal mummy points at you and mumbles some strange words.
Something smites you!
You die...

..§..###..§..
..§#..(#..M .
.#....B#§ . #.
#......§# .#
#..#$......#..#
#.M.....§.#
##^......B.##
#...).@...[.#
##.§..b....##
#.........#
#..#M..(..^#..#
#. #...[...# .#
. .#.....#. M
...#...#§§.
....^###..§..


You could see 2 royal mummies, a bennu, a mummy priest and 2 death scarabs.

Vanquished Creatures
  the Royal Jelly (Slime:5)
  Antaeus (Coc:7)
  Ereshkigal (Tar:7)
  7 ancient liches
  4 dread liches
  Mennas (Vaults:5)
  A juggernaut (Depths:1)
  Mara (Vaults:4)
  2 royal mummies
  Sojobo (Vaults:5)
  Vv (Crypt:1)
  Josephina (Depths:2)
  30 shard shrikes
  Margery (Vaults:4)
  Bai Suzhen (Vaults:3)
  27 bone dragons
  3 golden dragons
  Geryon (Hell)
  Nikola (Depths:2)
  2 profane servitors
  Norris (Vaults:3)
  21 doom hounds
  15 Tzitzimimeh
  18 Ice Fiends
  8 tentacled monstrosities
  19 tainted leviathans
  Mlioglotl (Shoals:1)
  Rupert (Lair:5)
  2 walking crystal tomes
  4 deep elf master archers (Elf:3)
  The ghost of Laziaso the Tortoise, an adept GrFi of Makhleb (Crypt:1)
  A deep elf blademaster (Elf:3)
  A searing wretch (Vaults:4)
  12 liches
  An Executioner (Abyss:3)
  25 acid blobs
  13 titans
  16 sphinxes
  Polyphemus (Shoals:3)
  6 tentacled starspawn
  A kraken (Shoals:3)
  9 ancient champions
  Frances (Elf:1)
  7 storm dragons
  2 storm dragons (shapeshifter) (Depths:2)
  The ghost of Ujyxuu Gaynk the Fetichist, an adept CoAr of Trog (D:14)
  4 revenants
  9 tengu reavers
  14 rockslimes
  9 shadow dragons
  3 nagarajas
  15 azure jellies
  7 narguns
  10 fire giants
  13 deep elf sorcerers
  2 balrugs (Depths:2)
  A draconian shifter (Depths:4)
  5 deep elf elementalists
  4 iron dragons
  2 imperial myrmidons (Desolation)
  13 vault wardens
  12 shard shrike simulacra
  A cacodemon (Hell)
  13 frost giants
  A quicksilver elemental (Dis:1)
  A ghost moth (Vaults:2)
  A juggernaut zombie (Hell)
  A spectral juggernaut (Depths:3)
  2 angels (Elf:2)
  3 orc warlords
  5 ghouls
  9 reapers
  A curse skull (Crypt:2)
  3 spriggan defenders
  A draconian stormcaller (Depths:4)
  17 ironbound preservers
  12 stone giants
  5 formless jellyfish
  11 quicksilver oozes
  2 bennus (Tomb:1)
  2 deep elf demonologists
  Nessos (D:15)
  23 very ugly things
  17 elemental wellsprings
  9 vampire knights
  A green draconian (Depths:3)
  7 putrid mouths
  13 deep elf death magi
  5 black draconians
  2 halazid warlocks (Desolation)
  2 minotaurs (Shoals:4)
  2 yellow draconians
  Azrael (D:15)
  2 spectral titans
  2 spark wasps (Depths:3)
  7 deep elf annihilators
  9 dire elephants
  8 war gargoyles
  9 ironbound thunderhulks
  3 iron golems
  4 blizzard demons
  The ghost of Larugibown the Arsonist, a journeyman MDFE of Makhleb (D:13)
  11 ettins
  18 wendigos
  4 merfolk javelineers
  2 white draconians
  2 spectral quicksilver dragons
  26 eidola
  3 deep elf high priests
  4 jiangshi
  An entropy weaver (Vaults:4)
  4 crystal guardians
  7 ragged hierophants (Desolation)
  6 spriggan zombies
  4 merfolk impalers
  2 spectral spriggans (Tar:3)
  5 fire dragons
  25 yaktaur captains
  13 mummy priests
  A fenstrider witch zombie (Crypt:3)
  2 quicksilver dragon skeletons (Crypt:3)
  8 ice dragons
  15 great orbs of eyes
  7 rakshasas
  A hell beast (Hell)
  20 caustic shrike simulacra
  5 ogre magi
  38 vault guards
  A sphinx zombie (Hell)
  15 peacekeepers
  5 boulder beetles
  3 hydras
  2 merfolk aquamancers (Shoals:2)
  2 spriggan air magi
  A radroach (shapeshifter) (Depths:2)
  5 servants of whispers (Desolation)
  11 salamander tyrants
  3 spectral stone giants
  5 catoblepae
  4 centaur warriors
  4 spriggan skeletons
  2 death knights
  Erolcha (D:13)
  10 juggernaut simulacra
  An alligator snapping turtle (Shoals:4)
  41 dancing weapons
  5 two-headed ogres
  A merfolk avatar (Shoals:1)
  9 ironbound frosthearts
  A demonspawn (Orc:2)
  15 satyrs
  2 death yaks (shapeshifter) (Depths:2)
  5 tengu warriors
  13 anacondas
  9 death scarabs (Tomb:1)
  2 two-headed ogres (shapeshifter)
  5 deep troll shamans (Depths:3)
  6 orc high priests (Orc:2)
  A shock serpent (shapeshifter) (Vaults:5)
  6 deep troll earth magi
  A demonic crawler (Hell)
  5 occultists
  5 naga warriors
  A spectral dire elephant (Tar:2)
  7 vampire magi
  10 hell hogs
  9 soul eaters
  13 death yaks
  2 spriggan berserkers
  2 titan zombies
  9 naga sharpshooters
  22 deep elf knights
  Urug (Orc:2)
  3 spriggans (Depths:4)
  11 shock serpents
  A storm dragon zombie (Crypt:3)
  13 hell knights
  A spectral storm dragon (Tar:1)
  7 iron trolls
  4 sun demons (Hell)
  9 shadow wraiths
  2 sixfirhies
  6 wretched stars
  7 salamander mystics
  39 skeletal warriors
  3 golden dragon zombies
  A skyshark (shapeshifter) (Vaults:2)
  2 sea snakes (shapeshifter)
  5 skysharks
  2 spectral anacondas
  5 sea snakes
  14 mana vipers
  A spark wasp zombie (Hell)
  6 quicksilver dragon simulacra
  4 glowing orange brains
  A shadow demon (Abyss:3)
  3 flayed ghosts
  An orb spider (shapeshifter) (Vaults:2)
  5 naga ritualists
  6 arcanists
  9 spriggan simulacra
  4 orange crystal statues
  A bog body (Crypt:1)
  25 harpies
  A glowing orange brain (shapeshifter) (Vaults:5)
  27 deep elf zephyrmancers
  2 mana vipers (shapeshifter) (Depths:2)
  30 ironbound convokers
  A tengu zombie (Hell)
  A spectral iron dragon (Tar:1)
  23 lindwurms
  46 deep trolls
  A sun moth (shapeshifter) (Depths:4)
  12 necromancers
  A lindwurm (shapeshifter) (Vaults:5)
  Pikel (D:8)
  12 starcursed masses
  2 oklob plants
  2 spectral hydras
  2 thermic dynamos (Depths:2)
  An iron dragon zombie (Hell)
  14 phantasmal warriors
  10 deep elf archers
  An obsidian bat (Abyss:3)
  16 orc knights
  An ugly thing (shapeshifter) (Depths:2)
  6 shining eyes
  A fenstrider witch simulacrum (Coc:1)
  2 frost giant zombies (Hell)
  28 deep elf pyromancers
  16 manticores
  7 orc sorcerers
  2 fire giant zombies (Hell)
  A manticore (shapeshifter) (Vaults:5)
  23 ugly things
  A faun (shapeshifter) (Vaults:5)
  A wolf spider (shapeshifter) (Depths:2)
  12 elephants
  A stone giant zombie (Crypt:1)
  25 fauns
  2 will-o-the-wisps (Abyss:1)
  14 large abominations
  6 cyclopes
  15 salamanders
  A spectral centaur (Tar:2)
  2 stone giant skeletons
  2 worldbinders
  14 naga magi
  15 guardian serpents
  A meliai (shapeshifter) (Elf:2)
  A fire giant skeleton (Crypt:2)
  7 rust devils
  2 apocalypse crabs (Abyss:1)
  2 centaur zombies
  5 titan simulacra
  A water nymph (Shoals:4)
  5 merfolk sirens
  2 naga zombies
  A molten gargoyle (Desolation)
  7 smoke demons
  36 black mambas
  An eye of devastation (shapeshifter) (D:15)
  4 eyes of devastation
  15 vault sentinels
  A dire elephant zombie (Abyss:1)
  A dire elephant skeleton (Crypt:3)
  A cane toad (shapeshifter) (D:13)
  A gargoyle (D:11)
  A pale draconian zombie (Crypt:2)
  2 storm dragon simulacra
  10 cane toads
  3 naga skeletons
  3 orange demons
  3 centaur skeletons (Crypt:3)
  An unseen horror (D:13)
  4 rime drakes
  3 bunyip simulacra
  Jeremiah (D:9)
  A kobold demonologist (D:10)
  31 yaktaurs
  10 tengu conjurers
  8 komodo dragons
  8 freezing wraiths
  2 ice devils (Hell)
  7 hellions
  7 tormentors
  5 spectral harpies
  3 golden dragon simulacra
  4 anaconda simulacra
  11 guardian mummies
  4 iron giant simulacra
  A red devil (Hell)
  5 harpy zombies
  2 ancient zymes (Abyss:1)
  A merfolk (shapeshifter) (Vaults:3)
  20 merfolk
  8 trolls
  A queen bee (D:11)
  6 hellwings
  4 hornets
  A blink frog (shapeshifter) (D:15)
  A polar bear (Lair:4)
  A shadow dragon simulacrum (Coc:1)
  3 harpy skeletons
  A glass eye (shapeshifter) (Depths:2)
  79 saltlings (Desolation)
  A culicivora zombie (Crypt:1)
  16 raiju
  4 dream sheep (Shoals:3)
  A hydra skeleton (Tomb:1)
  2 snapping turtles (shapeshifter)
  6 snapping turtles
  A guardian serpent zombie (Crypt:2)
  2 glass eyes
  A frost giant simulacrum (Depths:2)
  5 iron dragon simulacra
  3 ettin zombies
  112 slime creatures
  A stone giant simulacrum (Coc:7)
  5 air elementals
  4 naga simulacra
  7 wraiths
  2 shadows
  4 centaur simulacra
  68 yaks
  A wyvern (shapeshifter) (Elf:2)
  11 water elementals
  7 ushabtiu (Tomb:1)
  3 ynoxinuls (Abyss:1)
  10 fire elementals
  7 humans (D:13)
  5 wyverns
  8 dire elephant simulacra
  An alligator snapping turtle simulacrum (Coc:2)
  8 golden eyes
  2 redbacks (Vaults:4)
  A basilisk (shapeshifter) (Elf:3)
  A redback (shapeshifter) (Vaults:5)
  5 chaos spawn
  5 wargs
  3 basilisks
  9 neqoxecs
  5 vampire mosquitoes
  2 spatial vortices (Abyss:3)
  A swamp worm (shapeshifter) (Vaults:4)
  8 small abominations
  15 harpy simulacra
  An acid dragon (D:9)
  30 nagas
  A glowing shapeshifter zombie (Hell)
  13 water moccasins
  4 hydra simulacra
  7 hell hounds
  An entropy weaver zombie (Crypt:1)
  8 ettin simulacra
  4 swamp drakes (Depths:3)
  4 ice beasts
  42 orc warriors
  3 black bears
  A sky beast (D:8)
  7 ogres
  4 boggarts (D:15)
  12 wolves
  47 laughing skulls
  A black mamba simulacrum (Coc:1)
  15 centaurs
  4 lemures (D:8)
  2 phantoms (D:5)
  A weeping skull (Abyss:1)
  3 kobold brigands (Sewer)
  9 bullfrogs
  2 brain worms
  3 earth elementals
  A glowing shapeshifter simulacrum (Depths:2)
  A komodo dragon skeleton (Crypt:2)
  3 scorpions
  14 wights
  24 killer bees
  2 lindwurm simulacra (IceCv)
  10 howler monkeys
  A crimson imp (Abyss:1)
  4 quasits (Abyss:1)
  5 hounds
  A hound (shapeshifter) (D:15)
  16 jellies
  A gnoll bouda (D:9)
  30 orc priests
  An iron imp (Abyss:1)
  7 hell rats (Hell)
  6 iguanas
  26 orc wizards
  A boggart zombie (Crypt:2)
  A brain worm zombie (Crypt:2)
  An ogre skeleton (Crypt:2)
  12 mummies
  A howler monkey zombie (Crypt:2)
  4 gnolls (D:3)
  11 adders
  A ribbon worm zombie (Crypt:2)
  2 white imps
  10 ufetubi
  An adder zombie (Crypt:1)
  3 dart slugs
  2 ribbon worms
  82 orcs
  6 bats
  16 endoplasms
  8 giant cockroaches
  12 goblins
  9 hobgoblins
  4 jackals (D:2)
  17 kobolds
  6 quokkas
  11 ball pythons
  2 endoplasm zombies
  4 frilled lizards
  7 rats
  9 fire vortices
  2 lurking horrors
  2 tentacles (Shoals:3)
3092 creatures vanquished.

Vanquished Creatures (collateral kills)
  A bone dragon (Tar:7)
  2 mana vipers (Snake:4)
  A naga mage (Snake:4)
4 creatures vanquished.

Vanquished Creatures (others)
  A shard shrike simulacrum (Coc:7)
  An elemental wellspring (Coc:7)
  A juggernaut simulacrum (Coc:1)
  A slime creature (D:15)
  A human (D:13)
  53 fire vortices
  37 fulminant prisms
  2 starspawn tentacles (Abyss:2)
  2 tentacles (Shoals:3)
99 creatures vanquished.

Grand Total: 3195 creatures vanquished

Notes
Turn   | Place    | Note
-------+----------+-------------------------------------------
     0 | D:1      | shadizar the Djinni Conjurer began the quest for the Orb.
     0 | D:1      | shadizar set off with the following spells memorised: Magic
                  | Dart, Searing Ray, Fulminant Prism, Iskenderun's Mystic
                  | Blast.
     0 | D:1      | Reached XP level 1. HP: 15/15 MP: 0/0
   237 | D:1      | Reached XP level 2. HP: 19/21 MP: 0/0
   556 | D:1      | Reached XP level 3. HP: 24/25 MP: 0/0
   556 | D:1      | Learned a level 1 spell: Shock
  1158 | D:2      | Reached XP level 4. HP: 30/31 MP: 0/0
  1898 | D:3      | Reached skill level 5 in Spellcasting
  1898 | D:3      | Reached skill level 5 in Conjurations
  1898 | D:3      | Reached skill level 5 in Hexes
  1898 | D:3      | Reached skill level 5 in Summonings
  1898 | D:3      | Reached skill level 5 in Necromancy
  1898 | D:3      | Reached skill level 5 in Translocations
  1898 | D:3      | Reached skill level 5 in Fire Magic
  1898 | D:3      | Reached skill level 5 in Ice Magic
  1898 | D:3      | Reached skill level 5 in Air Magic
  1898 | D:3      | Reached skill level 5 in Earth Magic
  1898 | D:3      | Reached skill level 5 in Alchemy
  1898 | D:3      | Reached XP level 5. HP: 31/35 MP: 0/0
  1898 | D:3      | Learned a level 2 spell: Static Discharge
  2744 | D:4      | Noticed a bullfrog
  2755 | D:4      | Killed a bullfrog
  2756 | D:4      | Reached XP level 6. HP: 9/40 MP: 0/0
  2938 | D:4      | Found a glowing drain.
  2973 | Sewer    | Entered a sewer
  3101 | Sewer    | Reached XP level 7. HP: 2/45 MP: 0/0
  3101 | Sewer    | Learned a level 2 spell: Mercury Vapours
  4028 | D:5      | Entered Level 5 of the Dungeon
  4037 | D:5      | Reached XP level 8. HP: 30/50 MP: 0/0
  4193 | D:5      | Found a staircase to the Ecumenical Temple.
  4221 | Temple   | Entered the Ecumenical Temple
  4280 | Temple   | Became a worshipper of Makhleb the Destroyer
  4378 | D:5      | Reached skill level 1 in Fighting
  4378 | D:5      | Reached skill level 1 in Armour
  4451 | D:5      | Found a shimmering altar of Xom.
  5227 | D:6      | Reached XP level 9. HP: 47/58 MP: 0/0
  5227 | D:6      | Learned a level 3 spell: Tukima's Dance
  6016 | D:7      | Reached * piety under Makhleb
  6549 | D:7      | Found a white marble altar of Elyvilon.
  7665 | D:8      | Reached skill level 5 in Dodging
  7994 | D:8      | Reached XP level 10. HP: 53/68 MP: 0/0
  8080 | D:8      | Noticed Pikel
  8092 | D:8      | Killed Pikel
  8092 | D:8      | Reached ** piety under Makhleb
  8101 | D:8      | Found a transporter.
  8181 | D:8      | Found a transporter.
  8183 | D:8      | Found a transporter.
  8231 | D:8      | Found a transporter.
  8846 | D:9      | Noticed a cyclops
  8846 | D:9      | Noticed a two-headed ogre
  8846 | D:9      | Found a glowing golden altar of the Shining One.
  8847 | D:9      | Noticed Jeremiah
  8853 | D:9      | Killed a two-headed ogre
  8854 | D:9      | Reached skill level 5 in Fighting
  8854 | D:9      | Reached skill level 5 in Armour
  9092 | D:8      | Killed a cyclops
  9157 | D:9      | Killed Jeremiah
  9342 | D:9      | Noticed a komodo dragon
  9351 | D:9      | Killed a komodo dragon
  9352 | D:9      | Reached XP level 11. HP: 40/76 MP: 0/0
  9352 | D:9      | Learned a level 5 spell: Freezing Cloud
  9358 | D:9      | Reached skill level 10 in Spellcasting
  9358 | D:9      | Reached skill level 10 in Conjurations
  9358 | D:9      | Reached skill level 10 in Hexes
  9358 | D:9      | Reached skill level 10 in Summonings
  9358 | D:9      | Reached skill level 10 in Necromancy
  9358 | D:9      | Reached skill level 10 in Translocations
  9358 | D:9      | Reached skill level 10 in Fire Magic
  9358 | D:9      | Reached skill level 10 in Ice Magic
  9358 | D:9      | Reached skill level 10 in Air Magic
  9358 | D:9      | Reached skill level 10 in Earth Magic
  9358 | D:9      | Reached skill level 10 in Alchemy
  9450 | D:9      | Noticed an elephant
  9596 | D:9      | Killed an elephant
 10078 | D:9      | Found a shimmering altar of Xom.
 10352 | D:9      | Found a staircase to the Lair.
 10585 | D:9      | Found a hide-covered altar of Uskayaw.
 10602 | D:9      | Found a broken altar of Ashenzari.
 10730 | D:9      | Noticed a brown ugly thing
 10748 | D:9      | Killed a brown ugly thing
 10870 | Lair:1   | Entered Level 1 of the Lair of Beasts
 10879 | Lair:1   | Reached *** piety under Makhleb
 10942 | Lair:1   | Identified the ring "Deefiff Giwo" {rN+ rCorr MP+9 Int+2
                  | Slay+5}
 10954 | Lair:1   | Reached XP level 12. HP: 80/85 MP: 0/0
 11901 | Lair:2   | Found a staircase to the Snake Pit.
 13031 | Lair:3   | Reached skill level 1 in Shields
 13552 | Lair:3   | Reached **** piety under Makhleb
 13555 | Lair:3   | Reached XP level 13. HP: 51/92 MP: 0/0
 13555 | Lair:3   | Learned a level 5 spell: Arcjolt
 13556 | Lair:3   | Reached skill level 5 in Shields
 14208 | Lair:3   | Found a staircase to the Shoals.
 16423 | Lair:5   | Entered Level 5 of the Lair of Beasts
 16696 | Lair:5   | Noticed a catoblepas
 16722 | Lair:5   | Killed a catoblepas
 16784 | Lair:5   | Reached ***** piety under Makhleb
 16976 | Lair:5   | Noticed a four-headed hydra
 16985 | Lair:5   | Killed a four-headed hydra
 17221 | Lair:5   | Noticed an eight-headed hydra
 17230 | Lair:5   | Killed an eight-headed hydra
 17231 | Lair:5   | Reached XP level 14. HP: 79/98 MP: 0/0
 17596 | Lair:5   | Found a staircase to the Slime Pits.
 17717 | Lair:5   | Noticed Rupert
 17728 | Lair:5   | Killed Rupert
 18472 | Lair:5   | Identified a scroll of acquirement
 18472 | Lair:5   | Acquired a manual of Dodging
 18605 | D:10     | Entered Level 10 of the Dungeon
 18829 | D:10     | Found the +7 mace of Variability {chaos, chaos arc}
 18830 | D:10     | Identified the +7 scale mail of Eternal Vigilance {Int+3}
 18837 | D:10     | Found a shimmering altar of Xom.
 19050 | D:10     | Noticed denf's ghost (journeyman DsBe)
 19217 | D:10     | Found a runed translucent door.
 19292 | D:10     | Found a blossoming altar of Fedhas.
 20425 | D:11     | Identified the +2 shortbow of the Eternal Warrior {flame,
                  | Dex+5 Stlth+}
 20664 | D:11     | Reached skill level 15 in Spellcasting
 20664 | D:11     | Reached skill level 15 in Conjurations
 20664 | D:11     | Reached skill level 15 in Hexes
 20664 | D:11     | Reached skill level 15 in Summonings
 20664 | D:11     | Reached skill level 15 in Necromancy
 20664 | D:11     | Reached skill level 15 in Translocations
 20664 | D:11     | Reached skill level 15 in Fire Magic
 20664 | D:11     | Reached skill level 15 in Ice Magic
 20664 | D:11     | Reached skill level 15 in Air Magic
 20664 | D:11     | Reached skill level 15 in Earth Magic
 20664 | D:11     | Reached skill level 15 in Alchemy
 20724 | D:11     | Reached skill level 10 in Dodging
 21494 | D:12     | Found a staircase to the Orcish Mines.
 21578 | D:12     | Reached skill level 10 in Fighting
 22047 | D:12     | Reached XP level 15. HP: 107/107 MP: 0/0
 22047 | D:12     | Learned a level 6 spell: Plasma Beam
 22345 | Orc:1    | Entered Level 1 of the Orcish Mines
 22654 | Orc:1    | Found Quwyittoy's Jewellery Shop.
 22669 | Orc:1    | Paralysed by an orc sorcerer for 4 turns
 22840 | Orc:1    | Noticed an orc warlord
 22847 | Orc:1    | Reached ****** piety under Makhleb
 22870 | Orc:1    | Killed an orc warlord
 23215 | Orc:1    | Found a roughly hewn altar of Beogh.
 23241 | Orc:2    | Entered Level 2 of the Orcish Mines
 23244 | Orc:2    | Found a staircase to the Elven Halls.
 23282 | Orc:2    | Noticed Urug
 23679 | Orc:2    | Killed Urug
 24407 | Orc:2    | Found Opsak's Magic Scroll Boutique.
 24411 | Orc:2    | Found Yblucon's Distillery.
 25132 | Orc:2    | Reached skill level 10 in Armour
 25576 | Orc:2    | Found Jeid's Antique Weapon Emporium.
 25576 | Orc:2    | Found Ycaestru's Book Shoppe.
 25577 | Orc:2    | Found a one-way gate leading to the halls of Pandemonium.
 25690 | Orc:1    | Noticed an orc warlord
 25713 | Orc:1    | Killed an orc warlord
 26196 | D:13     | Found a gate to the Vaults.
 26205 | D:13     | Identified the +4 kite shield "Pelu" {rPois Str-3 Dex+2}
 26263 | D:13     | Found a transporter.
 26285 | D:13     | Noticed Larugibown's ghost (journeyman MDFE)
 26429 | D:13     | Found a transporter.
 26473 | D:13     | You are sucked into a shaft and drop 2 floors!
 26473 | D:15     | Entered Level 15 of the Dungeon
 26496 | D:15     | Reached XP level 16. HP: 93/113 MP: 0/0
 26677 | D:15     | Noticed Azrael
 26684 | D:15     | Killed Azrael
 26722 | D:15     | Reached skill level 10 in Shields
 27394 | D:14     | Identified the +1 leather armour of Mumblety Peg {Stlth+}
 27561 | D:13     | Noticed Erolcha
 27566 | D:13     | Killed Erolcha
 27984 | Snake:1  | Entered Level 1 of the Snake Pit
 28432 | Snake:1  | Found Geggomp's Antique Armour Emporium.
 29152 | Snake:1  | Found Elaxt's Magic Scroll Shoppe.
 29735 | Snake:2  | Noticed a nagaraja
 29747 | Snake:2  | Killed a nagaraja
 30410 | Snake:2  | Reached XP level 17. HP: 110/119 MP: 0/0
 30410 | Snake:2  | Learned a level 7 spell: Monstrous Menagerie
 31008 | Snake:2  | Found Woofis's Jewellery Shoppe.
 31009 | Snake:2  | Found Sapleits's Book Boutique.
 31009 | Snake:2  | Found Kori's Book Boutique.
 31029 | Snake:2  | Bought the ring "Ziakless" {Str+4 Dex+6 SInv} for 1056 gold
                  | pieces
 31704 | Snake:3  | Found a snail-covered altar of Cheibriados.
 32038 | Snake:3  | Identified the ring of Piush {Wiz Fly Str+3 Int+3}
 32921 | Orc:1    | Bought an amulet of regeneration for 480 gold pieces
 33135 | Snake:4  | Entered Level 4 of the Snake Pit
 33318 | Snake:4  | Found Juazy's Jewellery Boutique.
 33323 | Snake:4  | Found Saamicsi's Assorted Antiques.
 33323 | Snake:4  | Found Xaufo's Weapon Boutique.
 33326 | Snake:4  | Found Leocoph's General Store.
 34088 | Snake:4  | Reached XP level 18. HP: 123/128 MP: 0/0
 34373 | Snake:4  | Got a serpentine rune of Zot
 34629 | Shoals:1 | Entered Level 1 of the Shoals
 34632 | Shoals:1 | Noticed Mlioglotl
 34653 | Shoals:1 | Killed Mlioglotl
 34996 | Shoals:1 | Found Syxkail's CLEARANCE SALE!.
 35207 | Shoals:1 | Found Mucsun's Assorted Antiques.
 36250 | Shoals:3 | Noticed Polyphemus
 36254 | Shoals:3 | Killed Polyphemus
 36465 | Shoals:3 | Reached XP level 19. HP: 132/136 MP: 0/0
 36465 | Shoals:3 | Learned a level 6 spell: Death Channel
 36994 | Shoals:4 | Entered Level 4 of the Shoals
 37402 | Shoals:4 | Found the +9 scales of the Dragon King {rPois rF+ rC+
                  | Will+}
 37405 | Shoals:4 | Identified the +5 trident of Grandeur {heavy, Will+}
 37456 | Shoals:4 | Got a barnacled rune of Zot
 38068 | D:13     | Identified the ring "Pubu" {rElec rF+ Int-3 Dex+7 Slay+4}
 38076 | D:13     | Killed Larugibown's ghost
 38280 | Elf:1    | Entered Level 1 of the Elven Halls
 38311 | Elf:1    | Noticed Frances
 38316 | Elf:1    | Killed Frances
 38508 | Elf:1    | Paralysed by an air elemental for 1 turns
 38511 | Elf:1    | Paralysed by an air elemental for 1 turns
 38535 | Elf:1    | Reached XP level 20. HP: 111/145 MP: 0/0
 38810 | Elf:1    | Found a glacial archway.
 38820 | IceCv    | Entered an ice cave
 38865 | IceCv    | Found a transporter.
 38874 | IceCv    | Found a transporter.
 39626 | Elf:2    | Found a white marble altar of Elyvilon.
 39626 | Elf:2    | Found a glowing golden altar of the Shining One.
 39626 | Elf:2    | Found a glowing silver altar of Zin.
 39628 | Elf:2    | Found a crumbling gateway.
 39660 | Elf:2    | Identified the ring of Regaofro {Ice *Slow Str+2 Int+3}
 39715 | Desolati | Entered the Desolation of Salt
 39778 | Desolati | Identified the +5 ring mail "Ijusit" {^Drain rElec rPois
                  | Regen+ Str+5}
 40049 | Desolati | Found the +6 arbalest "Damnation" {damnation}
 40060 | Desolati | Identified the ring "Zuskek" {Wiz Dex+4 Slay+2}
 40062 | Desolati | Identified the +3 quarterstaff of Qiemidgh {speed, rC+
                  | Str+4 Int+2}
 40104 | Desolati | Identified the +3 ring mail of the Valley of Death {rElec
                  | rCorr Str-3 Slay+2}
 40189 | Desolati | Reached XP level 21. HP: 150/154 MP: 0/0
 40189 | Desolati | Learned a level 8 spell: Maxwell's Capacitive Coupling
 40203 | Desolati | Reached skill level 15 in Fighting
 40944 | Elf:2    | Found a runed translucent gate.
 40945 | Elf:2    | Found a runed translucent gate.
 40945 | Elf:2    | Found a runed translucent gate.
 41758 | Elf:3    | Entered Level 3 of the Elven Halls
 41932 | Elf:3    | Paralysed by an air elemental for 1 turns
 42160 | Elf:3    | Found Zeifab's Antique Weapon Emporium.
 42456 | Elf:3    | Identified the +0 scale mail of Watchfulness {rPois Str+4
                  | Int+3}
 42528 | Elf:3    | Paralysed by an air elemental for 1 turns
 42625 | Elf:3    | Identified the staff "Gofet" {rElec rN+ Int-2 Summ Air}
 42636 | Elf:3    | Identified the +4 long sword of the Thieving Madman {speed,
                  | rN+ Str+3}
 43105 | Slime:1  | Entered Level 1 of the Pits of Slime
 43108 | Slime:1  | Reached XP level 22. HP: 164/164 MP: 0/0
 43559 | Slime:2  | Reached skill level 15 in Dodging
 44995 | Slime:5  | Entered Level 5 of the Pits of Slime
 45014 | Slime:5  | Noticed the Royal Jelly
 45084 | Slime:5  | Gained mutation: You are clumsy. (Dex -2) [a shining eye]
 45258 | Slime:5  | Killed the Royal Jelly
 45297 | Slime:5  | Reached XP level 23. HP: 157/172 MP: 0/0
 45297 | Slime:5  | Learned a level 8 spell: Disjunction
 45568 | Slime:5  | Found the +8 demon trident "Rift" {distort, reach+}
 45812 | Slime:5  | Identified the +1 rapier of the Poles {flame, rN++}
 45837 | Slime:5  | Got a slimy rune of Zot
 45868 | Slime:5  | Identified the staff "Fisoer" {Int+7 Earth}
 45880 | Slime:5  | Identified the +2 ring mail of Proximity {+Blink rPois rC-
                  | SInv}
 45919 | Slime:5  | Identified the staff of Noalec {rF+ Dex+5 Fire}
 45937 | Slime:5  | Identified the ring of Biez {rC+ rCorr MP+9 Str+2}
 45945 | Slime:5  | Identified the +0 shortbow of the Establishment {elec, Fly
                  | rC- SInv}
 45970 | Slime:5  | Identified the ring of Selemez {rC+++ rN+ Int+5}
 45974 | Slime:5  | Identified the staff of Patience {rN+ Will+ Necro Ice}
 46468 | Vaults:1 | Entered Level 1 of the Vaults
 46468 | Vaults:1 | Found Duiklen's Weapon Shoppe.
 46577 | Vaults:1 | Found Uhaj's Antique Weapon Shop.
 47737 | D:14     | Found a runed translucent gate.
 47737 | D:14     | Found a runed translucent gate.
 47737 | D:14     | Found a runed translucent gate.
 47995 | D:14     | Found an ornate altar of the Wu Jian Council.
 48161 | D:14     | Noticed Ujyxuu Gaynk's ghost (adept CoAr)
 48184 | D:14     | Killed Ujyxuu Gaynk's ghost
 48201 | D:14     | Identified the staff of Makhleb's Grace {rElec Str-3 Dex+3
                  | Hexes Air}
 48404 | D:15     | Found a staircase to the Depths.
 48455 | D:15     | Noticed Nessos
 48457 | D:15     | Killed Nessos
 48754 | Depths:1 | Entered Level 1 of the Depths
 48759 | Depths:1 | Found a gateway to Hell.
 48994 | Depths:1 | Found a one-way gate to the infinite horrors of the Abyss.
 49231 | Depths:1 | Noticed a golden dragon
 49234 | Depths:1 | Killed a golden dragon
 49237 | Depths:1 | Identified the +0 chain mail "Sasiasao" {Dex+6}
 49274 | Depths:1 | Noticed a juggernaut
 49288 | Depths:1 | Killed a juggernaut
 49717 | Depths:2 | Identified the ring "Fiulusod" {Ice Slay+2}
 49717 | Depths:2 | Noticed Josephina
 49719 | Depths:2 | Killed Josephina
 49768 | Depths:2 | Reached XP level 24. HP: 159/182 MP: 0/0
 49840 | Depths:2 | Noticed Nikola
 49844 | Depths:2 | Killed Nikola
 49892 | Depths:2 | Identified the staff of Votuug {rElec rN+ Dex+3 Air}
 49992 | Depths:2 | Noticed a dread lich
 50002 | Depths:2 | Killed a dread lich
 50704 | Vaults:2 | Found Logeh's Antique Weapon Boutique.
 50705 | Vaults:2 | Found Ighy's Assorted Antiques.
 50711 | Vaults:2 | Found Jicoc's Antique Armour Shoppe.
 50714 | Vaults:2 | Bought a bloodstained scarf for 300 gold pieces
 50714 | Vaults:2 | Identified the scarf "Mentieru" {harm, rElec Will+++ MP-9
                  | Dex-4} (You bought it in a shop on level 2 of the Vaults)
 50901 | Vaults:2 | Found a staircase to the Crypt.
 51200 | Vaults:2 | Reached skill level 5 in Stealth
 51231 | Vaults:2 | Reached XP level 25. HP: 157/193 MP: 0/0
 51231 | Vaults:2 | Learned a level 8 spell: Ignition
 51346 | Vaults:2 | Identified the staff "Beetlebane" {*Slow rC+ Dex+3 SInv
                  | Ice}
 51356 | Vaults:2 | Identified the +0 leather armour of the Fife {rCorr Str+3
                  | Dex-3 Slay+2}
 51535 | Vaults:2 | Acquired the +2 helmet of Sif Muna's Whim {rN+}
 51663 | Vaults:2 | Found Muiggoat's Antique Weapon Shoppe.
 51703 | Vaults:2 | Found Ceboul's Assorted Antiques.
 51853 | Vaults:3 | Noticed Bai Suzhen
 51859 | Vaults:3 | Killed Bai Suzhen
 51948 | Vaults:3 | Identified the +9 mace of the Arena {holy, rC+ Int+2}
 52212 | Vaults:3 | Noticed Norris
 52214 | Vaults:3 | Killed Norris
 53075 | Vaults:4 | Noticed Margery
 53105 | Vaults:4 | Killed Margery
 53206 | Vaults:4 | Reached skill level 15 in Armour
 53209 | Vaults:4 | Reached skill level 15 in Shields
 53438 | Vaults:4 | Reached XP level 26. HP: 200/200 MP: 0/0
 53474 | Vaults:4 | Noticed Mara
 53476 | Vaults:4 | Killed Mara
 53517 | Vaults:4 | Found the +3 crown of Dyrovepreva {rElec Int+2 SInv}
 53526 | Vaults:4 | Identified the +2 robe of Jocular Happiness {Dex+8}
 53741 | Vaults:5 | Entered Level 5 of the Vaults
 53757 | Vaults:5 | Noticed Sojobo
 53761 | Vaults:5 | Killed Sojobo
 53821 | Vaults:5 | Noticed an ancient lich
 53830 | Vaults:5 | Killed an ancient lich
 53988 | Vaults:5 | Got a silver rune of Zot
 53995 | Vaults:5 | Identified the +0 buckler of Ujyucy {Rampage rElec Regen+
                  | Int-3}
 54020 | Vaults:5 | Reached XP level 27. HP: 185/205 MP: 0/0
 54020 | Vaults:5 | Learned a level 9 spell: Fire Storm
 54068 | Vaults:5 | Identified the +2 mace of the Black Skies {drain, rCorr
                  | Stlth+}
 54110 | Vaults:5 | Noticed Mennas
 54112 | Vaults:5 | Noticed a dread lich
 54127 | Vaults:5 | Killed Mennas
 54136 | Vaults:5 | Killed a dread lich
 54467 | Vaults:5 | Noticed an ancient lich
 54472 | Vaults:5 | Killed an ancient lich
 54746 | Vaults:5 | Acquired 459 gold pieces
 54889 | Vaults:5 | Identified the +1 plate armour of the Stone Wall {Str+3
                  | Slay+2 SInv Stlth+}
 55556 | Depths:3 | Found a flickering gateway to a bazaar.
 55564 | Bazaar   | Entered a bazaar
 55564 | Bazaar   | Found Orhirgha's Magic Scroll Shop.
 55564 | Bazaar   | Found Voawno's Magic Scroll Emporium.
 55564 | Bazaar   | Found Zibrener's Antique Weapon Shop.
 55564 | Bazaar   | Found Temnuc's Jewellery Shoppe.
 55566 | Bazaar   | Found Iqujaroi's Assorted Antiques.
 55566 | Bazaar   | Found Diosa's Magic Scroll Shoppe.
 55582 | Bazaar   | Bought a scroll of enchant armour for 75 gold pieces
 55582 | Bazaar   | Bought a scroll of blinking for 75 gold pieces
 55582 | Bazaar   | Bought a scroll of blinking for 75 gold pieces
 55589 | Bazaar   | Bought a scroll of blinking for 67 gold pieces
 55597 | Bazaar   | Bought a scroll of blinking for 82 gold pieces
 55718 | Depths:3 | Found a one-way gateway to a ziggurat.
 55764 | Depths:3 | Identified the +7 orcbow of Impermanence {flame, rF- Str+5
                  | Int+5}
 55784 | Depths:3 | Found a basalt altar of Yredelemnul.
 56063 | Depths:3 | Identified the amulet of Qazlal, Screaming {Reflect rCorr
                  | SH+5}
 56113 | Depths:3 | Identified the +4 glaive "Zuacuch" {vamp, rN+ SInv}
 56439 | Depths:4 | Entered Level 4 of the Depths
 56501 | Depths:4 | Found a gate to the Realm of Zot.
 56520 | Depths:4 | Got a midnight gem with 447 turns to spare
 56756 | Depths:4 | Identified the +6 lajatang of the Open Hand {protect, rC+
                  | Dex+3}
 56990 | Depths:4 | Found an iron altar of Okawaru.
 57078 | Hell     | Entered the Vestibule of Hell
 57078 | Hell     | Noticed Geryon
 57082 | Hell     | Killed Geryon
 57406 | Hell     | Found a gateway to the freezing wastes of Cocytus.
 57531 | Hell     | Found a gateway to the Iron City of Dis.
 57647 | Hell     | Found a gateway to the ashen valley of Gehenna.
 57692 | Hell     | Found a gateway to the decaying netherworld of Tartarus.
 57815 | Coc:1    | Entered Level 1 of Cocytus
 58255 | Coc:3    | Noticed a shard shrike
 58255 | Coc:3    | Noticed a shard shrike
 58257 | Coc:3    | Killed a shard shrike
 58260 | Coc:3    | Noticed a shard shrike
 58260 | Coc:3    | Killed a shard shrike
 58264 | Coc:3    | Paralysed by a wendigo for 1 turns
 58266 | Coc:3    | Noticed a shard shrike
 58266 | Coc:3    | Noticed a shard shrike
 58268 | Coc:3    | Killed a shard shrike
 58280 | Coc:3    | Noticed a shard shrike
 58281 | Coc:3    | Noticed a shard shrike
 58296 | Coc:3    | Noticed a shard shrike
 58299 | Coc:3    | Killed a shard shrike
 58300 | Coc:3    | Killed a shard shrike
 58301 | Coc:3    | Killed a shard shrike
 58377 | Coc:3    | Noticed a shard shrike
 58377 | Coc:3    | Noticed a shard shrike
 58378 | Coc:3    | Killed a shard shrike
 58379 | Coc:3    | Killed a shard shrike
 58380 | Coc:3    | Killed a shard shrike
 58399 | Coc:3    | Killed a shard shrike
 58484 | Coc:3    | Noticed a shard shrike
 58486 | Coc:3    | Killed a shard shrike
 58721 | Coc:5    | Paralysed by a wendigo for 1 turns
 58962 | Coc:6    | Noticed a shard shrike
 58962 | Coc:6    | Noticed a shard shrike
 58962 | Coc:6    | Noticed a shard shrike
 58962 | Coc:6    | Noticed a shard shrike
 58963 | Coc:6    | Killed a shard shrike
 58964 | Coc:6    | Killed a shard shrike
 58964 | Coc:6    | Killed a shard shrike
 58964 | Coc:6    | Killed a shard shrike
 58964 | Coc:6    | Noticed a shard shrike
 58965 | Coc:6    | Noticed a shard shrike
 58965 | Coc:6    | Noticed a shard shrike
 58969 | Coc:6    | Killed a shard shrike
 58969 | Coc:6    | Killed a shard shrike
 58974 | Coc:6    | Killed a shard shrike
 59002 | Coc:6    | Noticed a shard shrike
 59005 | Coc:6    | Killed a shard shrike
 59171 | Coc:6    | Noticed a shard shrike
 59175 | Coc:6    | Killed a shard shrike
 59184 | Coc:7    | Entered Level 7 of Cocytus
 59279 | Coc:7    | Noticed a shard shrike
 59282 | Coc:7    | Noticed a shard shrike
 59283 | Coc:7    | Killed a shard shrike
 59284 | Coc:7    | Reached skill level 10 in Stealth
 59284 | Coc:7    | Killed a shard shrike
 59311 | Coc:7    | Noticed a shard shrike
 59313 | Coc:7    | Killed a shard shrike
 59326 | Coc:7    | Noticed a shard shrike
 59331 | Coc:7    | Killed a shard shrike
 59575 | Coc:7    | Noticed a shard shrike
 59593 | Coc:7    | Killed a shard shrike
 59635 | Coc:7    | Noticed a shard shrike
 59637 | Coc:7    | Killed a shard shrike
 59640 | Coc:7    | Noticed a shard shrike
 59643 | Coc:7    | Killed a shard shrike
 59687 | Coc:7    | Noticed a shard shrike
 59689 | Coc:7    | Killed a shard shrike
 59692 | Coc:7    | Noticed a shard shrike
 59697 | Coc:7    | Killed a shard shrike
 59731 | Coc:7    | Noticed a shard shrike
 59737 | Coc:7    | Killed a shard shrike
 60041 | Coc:7    | Noticed Antaeus
 60045 | Coc:7    | Killed Antaeus
 60072 | Coc:7    | Got an icy rune of Zot
 60477 | Depths:1 | Voluntarily entered the Abyss.
 60638 | Abyss:1  | Reached skill level 27 in Ice Magic
 60740 | Abyss:1  | Found a corrupted altar of Lugonu.
 60774 | Abyss:1  | Reached skill level 27 in Spellcasting
 60774 | Abyss:1  | Reached skill level 27 in Conjurations
 60774 | Abyss:1  | Reached skill level 27 in Hexes
 60774 | Abyss:1  | Reached skill level 27 in Summonings
 60774 | Abyss:1  | Reached skill level 27 in Necromancy
 60774 | Abyss:1  | Reached skill level 27 in Translocations
 60774 | Abyss:1  | Reached skill level 27 in Fire Magic
 60774 | Abyss:1  | Reached skill level 27 in Air Magic
 60774 | Abyss:1  | Reached skill level 27 in Earth Magic
 60774 | Abyss:1  | Reached skill level 27 in Alchemy
 61216 | Abyss:3  | Found a corrupted altar of Lugonu.
 61495 | Abyss:3  | Gained mutation: You are very clumsy. (Dex -4) [a neqoxec]
 61564 | Abyss:3  | Got an abyssal rune of Zot
 61624 | Depths:1 | Escaped the Abyss
 61965 | Crypt:1  | Entered Level 1 of the Crypt
 62045 | Crypt:1  | Found a runed translucent gate.
 62045 | Crypt:1  | Found a runed translucent gate.
 62045 | Crypt:1  | Found a runed translucent gate.
 62046 | Crypt:1  | Noticed Laziaso's ghost (adept GrFi)
 62142 | Crypt:1  | Noticed Vv
 62149 | Crypt:1  | Killed Vv
 62795 | Crypt:1  | Killed Laziaso's ghost
 62808 | Crypt:1  | Identified the +2 helmet of Darkness {Rampage rF+ rC+
                  | rCorr}
 63062 | Crypt:2  | Identified the ring "Wikien" {rF+ Stlth+}
 63063 | Crypt:2  | Found the +6 lightning scales {swift, rElec}
 63068 | Crypt:2  | Noticed an ancient lich
 63086 | Crypt:2  | Found a transporter.
 63542 | Crypt:2  | Found a transporter.
 63559 | Crypt:2  | Killed an ancient lich
 63611 | Crypt:2  | Identified the orb "Hael" {*channel, rPois rF+}
 63675 | Crypt:3  | Entered Level 3 of the Crypt
 64002 | Crypt:3  | Noticed an ancient lich
 64004 | Crypt:3  | Killed an ancient lich
 64081 | Crypt:3  | Identified the +2 rapier of Light {protect, rCorr}
 64084 | Crypt:3  | Identified the ring "Awuza" {rN++ Int+6}
 64084 | Crypt:3  | Identified a ring of Maltheism {rN++ SInv}
 64084 | Crypt:3  | Identified the ring "Zalusor" {rF+ rN++ Int+3 SInv}
 64531 | Crypt:3  | Found a staircase to the Tomb.
 65335 | Tar:1    | Entered Level 1 of Tartarus
 65602 | Tar:2    | You are sucked into a shaft and drop 1 floor!
 65623 | Tar:3    | Noticed an ancient lich
 65627 | Tar:3    | Killed an ancient lich
 66136 | Tar:7    | Entered Level 7 of Tartarus
 66578 | Tar:7    | Noticed a dread lich
 66580 | Tar:7    | Killed a dread lich
 66666 | Tar:7    | Noticed an ancient lich
 66668 | Tar:7    | Killed an ancient lich
 66710 | Tar:7    | Noticed an ancient lich
 66712 | Tar:7    | Killed an ancient lich
 66714 | Tar:7    | Noticed a dread lich
 66714 | Tar:7    | Noticed Ereshkigal
 66721 | Tar:7    | Killed a dread lich
 66723 | Tar:7    | Killed Ereshkigal
 66848 | Tar:7    | Identified the +2 leather armour of the Jabberwock {+Blink
                  | +Inv rN+ Str+3}
 66851 | Tar:7    | Identified the +0 pair of gloves of the Vacuum {rPois Dex-5
                  | Slay+5 Stlth+}
 66853 | Tar:7    | Identified the +5 hand axe "Vusuatu" {freeze, *Noise rCorr
                  | Int+4 Dex+3}
 67230 | Tar:7    | Got a bone rune of Zot
 67254 | Tar:7    | Identified the +11 flail "Sengamez" {flame, Dex+2}
 67340 | Tar:7    | Identified the +6 scale mail of the Distant Future {Int+5}
 67558 | Tar:7    | Identified the +6 chain mail of Makhleb's Envy {rElec rN+
                  | Will+ Str+4}
 68063 | Snake:4  | Bought a scroll of blinking for 127 gold pieces
 68468 | Dis:1    | Entered Level 1 of the Iron City of Dis
 69054 | Tomb:1   | Entered Level 1 of the Tomb of the Ancients
 69303 | Tomb:1   | Noticed a royal mummy
 69308 | Tomb:1   | Killed a royal mummy
 69989 | Tomb:2   | Noticed a royal mummy
 69989 | Tomb:2   | Noticed a royal mummy
 69991 | Tomb:2   | Noticed a royal mummy
 69993 | Tomb:2   | Noticed a royal mummy
 69994 | Tomb:2   | Killed a royal mummy
 69995 | Tomb:2   | HP: 11/220 [??? (4)]
 69995 | Tomb:2   | Killed from afar by a royal mummy

Illustrated notes

Levels and vault maps discovered:
D:1:      zaba_arrival_water, layout_loops_corners
D:2:      layout_basic, kennysheep_cluttered_room
D:3:      layout_loops_ring, serial_glass, glass_columns_a, glass_columns_a,
          due_unseen_surprise, feat_on_display
D:4:      layout_basic, portal_sewer_entry_f
D:5:      layout_basic, amcnicky_altar_gilded, mainiacjoe_overflow_24_doors,
          minmay_temple_entry_glass
D:6:      nicolae_cairo_tiling_large_dashed, layout_basic,
          corexii_leaking_fountain
D:7:      layout_layer_cave, elyvilon_altar_3
D:8:      layout_gridville, hellmonk_sif_muna_bookshelves,
          nicolae_diode_quadrants, uniq_pikel
D:9:      layout_long_grid, nicolae_uskayaw_murder_on_the_dancefloor,
          ashenzari_altar_1, grunt_lair_entry_orc_guard_hut, st_stairs_7,
          hangedman_decor_growths, hangedman_feature_mirror, uniq_jeremiah
D:10:     layout_loops_ring, tgw_fedhas, hellmonk_ghost_happy_afterlife,
          minmay_guarded_unrand_variability
D:11:     layout_loops_corners, special_room [special_room_bee],
          grunt_ministairs_14
D:12:     layout_roguey, orc_0_dummy, nicolae_figureground_pulse
D:13:     layout_roguey, ximxim_vaults_locker_room, nzn_ghost_randoct,
          uniq_erolcha
D:14:     layout_cross, nicolae_wu_jian_immortal_techniques,
          gammafunk_ghost_ooze, vehumet_crystals
D:15:     gammafunk_enter_depths_forms, layout_basic, minmay_misc_feat_rows,
          uniq_azrael, uniq_nessos
Temple:   nicolae_temple_bog_church
Lair:1:   layout_chaotic_city, lemuel_fruit_fields
Lair:2:   layout_cave_pods, minmay_snake_entry_guardpost_small,
          grunt_megastairs_2, serial_bayou_shore_b
Lair:3:   lemuel_slime, layout_chaotic_city, minmay_shoals_entry_centaurs
Lair:4:   layout_small_grid, minivault_27
Lair:5:   evilmike_catoblepas_cave, layout_regular_city, slime_entry_1,
          uniq_rupert
Shoals:1: layout_shoals, nicolae_take_the_stairs, nicolae_shop_clearance,
          uniq_mlioglotl
Shoals:2: layout_shoals, nicolae_shoals_nautilus_by_nature
Shoals:3: layout_shoals, uniq_polyphemus
Shoals:4: shoals_end_hellmonk_lost_city
Snake:1:  layout_gridlike, serial_shops, nicolae_shop_advertising_works
          [nicolae_subvault_shop_adworks], nicolae_shop_rolled_up,
          grunt_megastairs_1
Snake:2:  layout_chambers, minmay_shop_grove
Snake:3:  layout_layer_cave, basic_altar, nicolae_snake_gridmaze_zigzag,
          nicolae_snake_gridmaze_big_u
Snake:4:  snake_pit_salamanders_mu, layout_cave_town, minmay_shop_grid_forest,
          grunt_ministairs_8, serial_library_hellmonk_big_corner
Slime:1:  layout_caves
Slime:2:  layout_caves
Slime:3:  cheibrodos_slime_lost_civilization_8, layout_caves
Slime:4:  layout_caves, cheibrodos_slime_lost_civilization_7
Slime:5:  slime_pit
Orc:1:    layout_caves, special_room [special_room_orc], serial_shops, shop
Orc:2:    pf_orc_diabolical, layout_caves, uniq_urug
Elf:1:    layout_rooms, portal_ice_cave_entry_frozen_things,
          hangedman_elven_crosses_minicolossus, hangedman_decor_cross_pass,
          uniq_frances
Elf:2:    nicolae_elf_blades_crystal_corner, layout_gridlike,
          portal_desolation_entry_holy_temple
Elf:3:    minmay_elf_hall, layout_geoelf_diagonals, serial_shops,
          nicolae_square_shop
Vaults:1: ontoclasm_vaults_ligature, nicolae_vaults_three_branches,
          nicolae_vaults_two_Ls, vaults_mumra_minichess_inversion,
          nicolae_vaults_storage_room_glass, v_alt_pattern_5, v_misc_24,
          v_misc_15, nicolae_vaults_six-pack,
          nicolae_vaults_trapezoid_lopsided_3, layout_vaults_quadrants,
          serial_shops, shop, shop
Vaults:2: st_greater_box_3, nicolae_vaults_diagonal_hallway_8,
          nicolae_vaults_wrenched, vaults_mumra_chevron,
          nicolae_vaults_spaceships, nicolae_vaults_what_the_h,
          nicolae_vaults_tetromino_L_2, vaults_room_grid, vaults_mumra_hex,
          minmay_crypt_entry_simple_box, nicolae_vaults_house_1,
          nicolae_vaults_trapezoid_1, hangedman_vaults_corner_blocks,
          nicolae_vaults_closet_pinwheel_3, vaults_room_stairs_pillars,
          vaults_room_hallway, nicolae_vaults_double_plus_1,
          layout_vaults_maze_snakey, serial_shops, shop_fountains,
          nicolae_shop_pleasant_corner_grove, shop, nicolae_square_shop,
          nicolae_shop_real_fake_doors
Vaults:3: hangedman_vaults_locks, ontoclasm_vaults_bender, st_more_cells,
          v_misc_33, hangedman_vaults_trim, grunt_vaults_bifocal,
          grunt_vaults_hallway_long, nicolae_vaults_closet_pinwheel_2,
          serial_ice_h, nicolae_vaults_double_plus_1,
          nicolae_vaults_specimen_jars, vaults_room_fours,
          layout_vaults_big_room, uniq_norris, uniq_bai_suzhen
Vaults:4: v_pattern_3, grunt_tower_of_power, v_misc_5, nicolae_vaults_prndl,
          nicolae_vaults_diagonal_hallway_8,
          nicolae_vaults_storage_room_statues, nicolae_vaults_little_squares_2,
          nicolae_vaults_offset_grid_hallway_1, nicolae_vaults_border_crossing,
          layout_vaults_omnibox, uniq_mara, uniq_margery
Vaults:5: uniq_sojobo, uniq_mennas
Crypt:1:  layout_basic, gammafunk_ghost_spectres, uniq_vv
Crypt:2:  gammafunk_the_bubble [the_bubble_gammafunk_crates],
          layout_chaotic_city, lemuel_upstairs_altar
Crypt:3:  cryptofortress_bobbens
Tomb:1
Tomb:2
Depths:1: minmay_fractal_lines_corner, layout_cave_pools, abyss_entry_glasseish,
          hell_entry, serial_bayou_pond_d, lemuel_flame_loot_1
Depths:2: hangedman_crystal_crosses_colossus [crystal_crosses_arms_four,
          crystal_crosses_arms_four, crystal_crosses_arms_one], hell_entry,
          abyss_entry, pan_entry, uniq_nikola
Depths:3: gold_lair_mu, layout_gridlike, enter_ziggurat_b, serial_shops,
          bzr_entry_customers, nicolae_abyss_entry_one_way_or_another,
          hell_entry, yredelemnul_forgotten_temple_becter,
          infiniplex_staircase_pillars_3a
Depths:4: grunt_zot_entry_tricorne, layout_basic, hell_entry, okawaru_gym_becter
Hell
Dis:1:    layout_gridville
Coc:1:    layout_ice_bergs
Coc:2:    layout_ice_bergs
Coc:3:    layout_ice_bergs
Coc:4:    layout_cocytus_delve
Coc:5:    layout_cocytus_delve
Coc:6:    layout_ice_bergs
Coc:7:    coc_old
Tar:1:    layout_grid_maze
Tar:2:    layout_grid_maze, nicolae_tar_combstack
Tar:3:    layout_catacombs
Tar:4:    layout_grid_maze
Tar:5:    layout_grid_maze, nicolae_tar_honey_chapel
Tar:6:    layout_grid_maze
Tar:7:    tar_grunt_cathedral

Skill      XL: |  1  2  3  4  5  6  7  8  9 10 11 12 13 14 15 16 17 18 19 20 21 22 23 24 25 26 27 |
---------------+----------------------------------------------------------------------------------+-----
Spellcasting   | 4 5 6 7 8 9 10 12 13 15 16 17 18 20 21 22 23 25 27 | 27.0
Conjurations   | 4 5 6 7 8 9 10 12 13 15 16 17 18 20 21 22 23 25 27 | 27.0
Hexes          | 4 5 6 7 8 9 10 12 13 15 16 17 18 20 21 22 23 25 27 | 27.0
Summonings     | 4 5 6 7 8 9 10 12 13 15 16 17 18 20 21 22 23 25 27 | 27.0
Necromancy     | 4 5 6 7 8 9 10 12 13 15 16 17 18 20 21 22 23 25 27 | 27.0
Translocations | 4 5 6 7 8 9 10 12 13 15 16 17 18 20 21 22 23 25 27 | 27.0
Fire Magic     | 4 5 6 7 8 9 10 12 13 15 16 17 18 20 21 22 23 25 27 | 27.0
Ice Magic      | 4 5 6 7 8 9 10 12 13 15 16 17 18 20 21 22 23 25 27 | 27.0
Air Magic      | 4 5 6 7 8 9 10 12 13 15 16 17 18 20 21 22 23 25 27 | 27.0
Earth Magic    | 4 5 6 7 8 9 10 12 13 15 16 17 18 20 21 22 23 25 27 | 27.0
Alchemy        | 4 5 6 7 8 9 10 12 13 15 16 17 18 20 21 22 23 25 27 | 27.0
Fighting       | 2 4 5 7 8 10 11 12 13 14 16 17 18 20 24 | 24.8
Armour         | 2 4 5 7 11 12 13 15 20 | 20.1
Dodging        | 3 5 6 8 9 10 12 13 14 16 17 18 23 | 23.0
Stealth        | 2 3 4 5 6 14 | 14.4
Shields        | 4 7 9 11 12 13 15 20 | 20.1

Action                     |  1- 3 |  4- 6 |  7- 9 | 10-12 | 13-15 | 16-18 | 19-21 | 22-24 | 25-27 || total
---------------------------+-------+-------+-------+-------+-------+-------+-------+-------+-------++-------
  Melee: Staff             |       |       |     1 |     4 |    13 |       |       |     1 |     2 ||    21
   Cast: Magic Dart        |    76 |   109 |   233 |    69 |   345 |   105 |    23 |       |    12 ||   972
         Static Discharge  |       |     8 |       |       |       |       |       |       |       ||     8
         Iskenderun's Myst |       |     3 |    46 |   214 |   339 |   152 |   194 |    74 |    72 ||  1094
         Fulminant Prism   |       |       |     1 |    15 |    15 |     6 |       |       |       ||    37
         Freezing Cloud    |       |       |       |       |   141 |    67 |     7 |       |     1 ||   216
         Arcjolt           |       |       |       |       |     5 |       |       |       |       ||     5
         Mercury Vapours   |       |       |       |       |     1 |       |       |       |       ||     1
         Searing Ray       |       |       |       |       |     1 |       |       |       |       ||     1
         Plasma Beam       |       |       |       |       |       |   303 |   438 |   546 |  1100 ||  2387
         Monstrous Menager |       |       |       |       |       |     3 |       |       |       ||     3
         Maxwell's Capacit |       |       |       |       |       |       |     1 |     1 |     8 ||    10
         Ignition          |       |       |       |       |       |       |       |       |   345 ||   345
         Fire Storm        |       |       |       |       |       |       |       |       |    46 ||    46
         Disjunction       |       |       |       |       |       |       |       |       |     1 ||     1
    Use: Scroll            |       |       |    17 |     1 |    10 |     2 |     4 |     2 |    11 ||    47
         Potion            |       |       |       |       |     3 |     1 |     3 |     1 |     3 ||    11
 Armour: Robe              |     2 |    32 |    40 |    43 |    79 |       |       |       |       ||   196
         Scale mail        |       |       |       |       |    59 |    96 |   136 |    47 |       ||   338
         Skin              |       |       |       |       |       |       |       |     4 |       ||     4
         Ring mail         |       |       |       |       |       |       |       |    66 |   235 ||   301
  Dodge: Dodged            |     1 |    14 |    34 |    38 |    67 |    15 |    46 |    38 |   109 ||   362
  Block: Kite shield       |       |       |       |       |    78 |    48 |    65 |    66 |   263 ||   520
         Tower shield      |       |       |       |       |       |       |       |       |    29 ||    29
         Reflection        |       |       |       |       |       |       |       |       |    25 ||    25

Table legend: (Time is in decaauts)
 A = Elapsed time spent in this place.
 B = Non-inter-level travel time spent in this place.
 C = Inter-level travel time spent in this place.
 D = Time resting spent in this place.
 E = Time spent auto-exploring this place.
 F = Levels seen in this place.
 G = Mean time per level.
                   A        B        C        D        E       F      G
               +--------+--------+--------+--------+--------+-----+--------+
         Total |  70116 |  64454 |   5662 |      0 |  50081 |  76 |  922.6 |
       Dungeon |  18909 |  16745 |   2164 |      0 |  13987 |  15 | 1260.6 |
        Temple |     93 |     93 |      0 |      0 |     42 |   1 |   93.0 |
          Lair |   8283 |   7562 |    721 |      0 |   6302 |   5 | 1656.6 |
        Shoals |   3189 |   3097 |     92 |      0 |   2562 |   4 |  797.2 |
     Snake Pit |   6542 |   5939 |    603 |      0 |   5165 |   4 | 1635.5 |
    Slime Pits |   3176 |   3098 |     78 |      0 |   2074 |   5 |  635.2 |
  Orcish Mines |   3832 |   3716 |    116 |      0 |   2937 |   2 | 1916.0 |
   Elven Halls |   3355 |   3191 |    164 |      0 |   1942 |   3 | 1118.3 |
        Vaults |   6183 |   5545 |    638 |      0 |   4307 |   5 | 1236.6 |
         Crypt |   3195 |   2838 |    357 |      0 |   2273 |   3 | 1065.0 |
          Tomb |    952 |    952 |      0 |      0 |    680 |   2 |  476.0 |
        Depths |   3835 |   3273 |    562 |      0 |   2408 |   4 |  958.8 |
          Hell |    885 |    758 |    127 |      0 |    442 |   1 |  885.0 |
           Dis |     33 |     33 |      0 |      0 |      0 |   1 |   33.0 |
       Cocytus |   2439 |   2439 |      0 |      0 |   1673 |   7 |  348.4 |
      Tartarus |   2308 |   2277 |     31 |      0 |   1564 |   7 |  329.7 |
         Abyss |   1146 |   1146 |      0 |      0 |    566 |   3 |  382.0 |
        Bazaar |     53 |     53 |      0 |      0 |     21 |   1 |   53.0 |
         Sewer |    525 |    525 |      0 |      0 |    436 |   1 |  525.0 |
      Ice Cave |    187 |    187 |      0 |      0 |     88 |   1 |  187.0 |
    Desolation |    985 |    985 |      0 |      0 |    612 |   1 |  985.0 |
               +--------+--------+--------+--------+--------+-----+--------+

Top non-repeatable levels by time:
  Lair:3: 2168 daAuts
  Lair:5: 2163 daAuts
   Orc:2: 2030 daAuts
     D:8: 1814 daAuts
   Orc:1: 1802 daAuts
    D:11: 1755 daAuts
 Snake:2: 1750 daAuts
 Snake:3: 1699 daAuts
 Snake:1: 1680 daAuts
    D:13: 1674 daAuts
  Lair:2: 1595 daAuts
    D:15: 1580 daAuts
     D:7: 1548 daAuts
   Tar:7: 1509 daAuts
Vaults:2: 1486 daAuts
